 Dungeon Crawl Stone Soup version 0.17-a0-1637-g5d65775 (webtiles) character file.

382 karlkraus the Covered (level 6, -5/53 HPs)
             Began as a Minotaur Fighter on Aug 7, 2015.
             Slain by Blork the orc
             ... wielding a +2 hand axe of electrocution
              (14 damage)
             ... on level 4 of the Dungeon.
             The game lasted 00:07:12 (2419 turns).

karlkraus the Covered (Minotaur Fighter)            Turns: 2419, Time: 00:07:13

Health: -5/53      AC: 14    Str: 22    XL:     6   Next: 47%
Magic:  5/5        EV:  5    Int:  5    God:
Gold:   101        SH: 10    Dex: 16    Spells: 0 memorised, 5 levels left

rFire  . . .     SeeInvis .     a - +0 flail
rCold  + . .     Clarity  .     v - +2 plate armour {rC+}
rNeg   . . .     SustAt   .     c - +0 shield
rPois  +         Gourm    .     (helmet restricted)
rElec  .         Spirit   .     (no cloak)
rCorr  .         Warding  .     (no gloves)
rMut   .         Stasis   .     (no boots)
MR     .....                    (no amulet)
Stlth  ..........               x - +6 ring of dexterity
                                n - ring of poison resistance

@: not resistant to hostile enchantments, extremely unstealthy
A: retaliatory headbutt, horns 2
a: no special abilities


You were on level 4 of the Dungeon.
You were not hungry.

You visited 1 branch of the dungeon, and saw 4 of its levels.

You collected 101 gold pieces.

Inventory:

Hand weapons
 a - a +0 flail (weapon)
Armour
 c - a +0 shield (worn)
 v - a +2 plate armour of cold resistance (worn)
Jewellery
 n - a ring of poison resistance (left hand)
 x - a +6 ring of dexterity (right hand)
Magical devices
 w - a wand of invisibility (6)
 B - a wand of enslavement (4)
Scrolls
 f - 3 scrolls of identify
 h - 2 scrolls of amnesia
 j - a scroll of random uselessness
 p - a scroll of teleportation
 q - 4 scrolls of remove curse
Potions
 d - a potion of might
 g - a potion of curing
 l - 2 potions of lignification
 m - a potion of degeneration {unknown}
 u - a potion of agility {unknown}
 z - a potion of poison {unknown}
 A - a potion of haste {unknown}
Comestibles
 b - 2 chunks of flesh
 e - 4 bread rations
 i - a beef jerky
 o - 2 meat rations
 t - a slice of pizza


   Skills:
 + Level 4.5 Fighting
 + Level 3.5 Maces & Flails
 + Level 6.4 Armour
 + Level 1.6 Dodging
 + Level 5.4 Shields


You had 5 spell levels left.
You didn't know any spells.

Dungeon Overview and Level Annotations

Branches:
Dungeon (4/15)
 Temple: D:4-7

Altars:
Sif Muna

Annotations:
D:4 Blork the orc


Innate Abilities, Weirdness & Mutations

You reflexively headbutt those who attack you in melee.
You have a pair of horns on your head.


Message History

You barely miss Blork the orc. You headbutt Blork the orc!
Blork the orc is moderately wounded.
Blork the orc mumbles some strange words.
Blork the orc seems to speed up.
You block Blork the orc's attack.
You hit Blork the orc.
Blork the orc is moderately wounded.
Blork the orc hits you but does no damage.
You are electrocuted!
You closely miss Blork the orc.
Blork the orc is moderately wounded.
Blork the orc hits you but does no damage. x2
Your plate armour prevents you from hitting Blork the orc.
Your headbutt misses Blork the orc.
Blork the orc is moderately wounded.
Blork the orc hits you but does no damage.
You are electrocuted!
* * * LOW HITPOINT WARNING * * *
Blork the orc hits you but does no damage.
You are electrocuted!
You die...

****##************
*,,,..,,,,,,,+,,,,
*,,..,,,,,,,,*,,,,
###**.#*,****,,**,,*
##.###.##+##**+***+**
#...#.......,,,,,,,,,
#...#.......,,,,,,,,,
#...@o......,,,,,,,,,
#####.##.##.##**,,**,,*
##.###'##+#*+*****+*#..#
#.........+,,,,,,,,,+...
#.........#,,,,,,,,,#...
#.........#,,,,,,,,,#...
#.........#,,,,,,,,,#..#
#.........#,,,,,,,,,#..#
******##*###.###...#*,,**##+##b.#


You could see Blork the orc.

Vanquished Creatures
  A sky beast (D:4)
  A phantom (D:4)
  2 orc wizards (D:4)
  A worker ant (D:4)
  2 adders
  2 oozes
  2 worms
  4 orcs
  2 ball pythons
  2 giant cockroaches
  5 goblins
  9 hobgoblins
  10 jackals
  10 kobolds
  3 quokkas (D:3)
  A ball python skeleton (D:4)
  5 bats
  5 giant geckos
  3 giant newts
  12 rats
82 creatures vanquished.

Notes
Turn   | Place    | Note
--------------------------------------------------------------
     0 | D:1      | karlkraus the Minotaur Fighter began the quest for the Orb.
     0 | D:1      | Reached XP level 1. HP: 19/19 MP: 0/0
    89 | D:1      | Reached skill level 4 in Armour
    90 | D:1      | Reached XP level 2. HP: 25/27 MP: 1/1
   378 | D:1      | Reached XP level 3. HP: 11/33 MP: 2/2
   933 | D:2      | Reached skill level 1 in Dodging
  1223 | D:2      | Found a deep blue altar of Sif Muna.
  1340 | D:3      | Reached XP level 4. HP: 40/40 MP: 3/3
  2013 | D:4      | Noticed a sky beast
  2025 | D:4      | Killed a sky beast
  2025 | D:4      | Reached skill level 5 in Armour
  2025 | D:4      | Reached XP level 5. HP: 22/47 MP: 4/4
  2253 | D:4      | Reached skill level 5 in Shields
  2254 | D:4      | Noticed a phantom
  2273 | D:4      | Reached XP level 6. HP: 53/53 MP: 5/5
  2306 | D:4      | Killed a phantom
  2306 | D:4      | Reached skill level 6 in Armour
  2414 | D:4      | Noticed Blork the orc
  2419 | D:4      | Slain by Blork the orc

Vault maps used:
D:1:      dpeg_arrival_tiny_a
D:2:      lemuel_blue_sif_altar
D:3:      first_bread, minmay_misc_feat_more_columns, minivault_5,
          grunt_ministairs_8, kennysheep_generic_room_7
D:4:      serial_shops, shop_statue, nicolae_qazlal_eye_of_the_storm,
          uniq_blork_the_orc

Action                   |  1- 3 |  4- 6 || total
-------------------------+-------+-------++-------
Melee: Flail             |   114 |   124 ||   238
Evoke: Wand              |       |     1 ||     1
  Use: Scroll            |     2 |     9 ||    11
       Potion            |       |     3 ||     3
  Eat: Chunk             |     1 |     4 ||     5
